 Dungeon Crawl Stone Soup version 0.24.0-123-gd5b16e6ec5 (webtiles) character file.

Game seed: 9060431985322836249, levelgen mode: deterministic

36 vishdafish the Vexing (level 3, 0/35 HPs)
             Began as an Ogre Arcane Marksman on Dec 20, 2019.
             Slain by Terence
             ... wielding a +0 flail
              (9 damage)
             ... on level 2 of the Dungeon.
             The game lasted 00:01:59 (1248 turns).

vishdafish the Vexing (Ogre Arcane Marksman)        Turns: 1248, Time: 00:02:00

Health: 0/35       AC:  5    Str: 15    XL:     3   Next: 37%
Magic:  5/5        EV: 10    Int: 14    God:
Gold:   55         SH:  0    Dex:  9    Spells: 4/5 levels left

rFire    . . .     SeeInvis .   e - +0 whip
rCold    . . .     Gourm    .   (no shield)
rNeg     . . .     Faith    .   a - +0 robe
rPois    .         Spirit   .   (helmet restricted)
rElec    .         Reflect  .   h - +1 cloak
rCorr    .         Harm     .   (gloves unavailable)
MR       .....                  (boots unavailable)
Stlth    +.........             (no amulet)
HPRegen  0.11/turn              (no ring)
MPRegen  0.09/turn              (no ring)

@: no status effects
A: large, unfitting armour, tough skin 1
a: no special abilities


You were on level 2 of the Dungeon.
You were very hungry.

You visited 1 branch of the dungeon, and saw 2 of its levels.

You collected 55 gold pieces.

Inventory:

Hand Weapons
 e - a +0 whip (weapon)
Missiles
 d - a throwing net (quivered)
Armour
 a - a +0 robe (worn)
 h - a +1 cloak (worn)
Scrolls
 j - a scroll of amnesia {unknown}
 l - 2 scrolls of identify {unknown}
 m - a scroll of noise {unknown}
Potions
 b - 3 potions of curing
 g - a potion of degeneration {unknown}
 i - a potion of lignification {unknown}
 k - a potion of haste {unknown}
Comestibles
 f - a ration


   Skills:
 + Level 2.1 Fighting
 + Level 2.3 Throwing
 + Level 2.2 Dodging
 + Level 1.9 Spellcasting
 + Level 3.0 Hexes


You had 4 spell levels left.
You knew the following spells:

 Your Spells              Type           Power        Failure   Level  Hunger
a - Corona                Hex            #......      7%          1    ##.....

Your spell library contained the following spells:

 Spells                   Type           Power        Failure   Level  Hunger
 Slow                     Hex            #.......     11%         2    ###....
 Inner Flame              Hex/Fire       #.......     36%         3    ####...
 Portal Projectile        Hex/Tloc       #.....       36%         3    ####...
 Cause Fear               Hex            #.........   56%         4    #####..
 Leda's Liquefaction      Hex/Erth       #.........   78%         4    #####..


Dungeon Overview and Level Annotations

Branches:
Dungeon (2/15)

Altars:
Dithmenos

Annotations:
D:2 Terence


Innate Abilities, Weirdness & Mutations

You are too large for most types of armour.
You have tough skin. (AC +1)


Message History

Terence is severely wounded.
Terence hits you with a +0 flail!
* * * LOW HITPOINT WARNING * * *
You barely miss Terence.
Terence is severely wounded.
Terence barely misses you.
You barely miss Terence.
Terence is severely wounded.
Terence hits you with a +0 flail.
* * * LOW HITPOINT WARNING * * *
You hit Terence.
Terence is almost dead.
Terence closely misses you.
You barely miss Terence.
Terence is almost dead.
You hit Terence.
Terence is almost dead.
Terence closely misses you.
You feel better. Terence hits you with a +0 flail!
You die...

############
...........#
...........#
...........####
...........'...
........)..#
#@# #.@...#
#.#(..#
###.#.... # ###


You could see Terence.

Vanquished Creatures
  A gnoll (D:1)
  An ooze (D:1)
  3 goblins
  4 hobgoblins
  2 jackals (D:1)
  2 kobolds (D:1)
  A quokka (D:2)
  3 bats (D:2)
  A frilled lizard (D:1)
  3 rats (D:1)
21 creatures vanquished.

Notes
Turn   | Place    | Note
-------+----------+-------------------------------------------
     0 | D:1      | vishdafish the Ogre Arcane Marksman began the quest for the
                  | Orb.
     0 | D:1      | Reached XP level 1. HP: 19/19 MP: 2/2
    47 | D:1      | Reached XP level 2. HP: 18/28 MP: 2/4
   473 | D:1      | Reached XP level 3. HP: 27/35 MP: 5/5
   872 | D:2      | Found a shadowy altar of Dithmenos.
   891 | D:2      | Noticed a phantom
  1206 | D:2      | Noticed Terence
  1209 | D:2      | Reached skill level 3 in Hexes
  1248 | D:2      | Slain by Terence

Levels and vault maps discovered:
D:1:      saegor_arrival_simple_a, layout_loops_cross, minmay_misc_feat_hallway
D:2:      layout_basic, nicolae_dithmenos_through_a_glass_darkly, uniq_robin,
          uniq_jessica, uniq_terence

Skill      XL: |  1  2  3 |
---------------+----------+-----
Dodging        | 2 |  2.2
Fighting       | 2 |  2.1
Hexes          | 3 |  3.0
Throwing       | |  2.3
Spellcasting   | |  1.9

Action                   || total
-------------------------++-------
Melee: Unarmed           ||    18
       Whip              ||   118
Throw: Large rock        ||     7
       Throwing net      ||     1
  Use: Potion            ||     2
 Stab: Held in net/web   ||     1
Armor: Robe              ||    36
Dodge: Dodged            ||    75
